 Dungeon Crawl Stone Soup version 0.27-a0-1228-gfd60fd639a (webtiles) character file.

Game seed: 12844812657737092580

28 robertstho the Firebug (level 3, 0/16 HPs)
             Began as a Vine Stalker Fire Elementalist on June 7, 2021.
             Succumbed to an adder's poison
             ... on level 2 of the Dungeon.
             The game lasted 00:01:20 (1635 turns).

robertstho the Firebug (VSFE)                       Turns: 1635, Time: 00:01:21

Health: 0/16       AC:  2    Str: 10    XL:     3   Next: 14%
Magic:  0/7        EV: 12    Int: 16    God:
Gold:   14         SH:  0    Dex: 14    Spells: 5/6 levels left

rFire    . . .     SeeInvis .   (no weapon)
rCold    . . .     Faith    .   (no shield)
rNeg     . . .     Spirit   +   a - +0 robe
rPois    .         Reflect  .   (no helmet)
rElec    .         Harm     .   (no cloak)
rCorr    .         Rampage  .   (no gloves)
Will     .....                  (no boots)
Stlth    ++........             (no amulet)
HPRegen  0.05/turn              (no ring)
MPRegen  0.10/turn              (no ring)

@: lethally poisoned (0 -> -9)
A: fangs 2, magic shield, antimagic bite, no potion heal 2
a: no special abilities


You were on level 2 of the Dungeon.
You visited 1 branch of the dungeon, and saw 2 of its levels.

You collected 14 gold pieces.

Inventory:

Armour
 a - a +0 robe (worn)
Jewellery
 b - a +4 ring of evasion
 d - a ring of resist corrosion
Scrolls
 c - a scroll of fear {unknown}
 e - a scroll of teleportation {unknown}
 f - a scroll of immolation {unknown}
 g - a scroll of blinking {unknown}
 h - a scroll of silence {unknown}
 i - a scroll of amnesia {unknown}


   Skills:
 + Level 1.6 Dodging
 + Level 2.8 Stealth
 + Level 0.8 Unarmed Combat
 + Level 2.4 Spellcasting
 + Level 1.2 Conjurations
 + Level 3.5 Fire Magic


You had 5 spell levels left.
You knew the following spells:

 Your Spells              Type           Power      Damage    Failure   Level
a - Foxfire               Conj/Fire      36%        2x1d5     8%          1

Your spell library contained the following spells:

 Spells                   Type           Power      Damage    Failure   Level
 Conjure Flame            Conj/Fire      9%         6-21      22%         3
 Inner Flame              Hex/Fire       7%         N/A       28%         3
 Sticky Flame             Conj/Fire      9%         2d3       58%         4
 Fireball                 Conj/Fire      4%         3d4       90%         5


Dungeon Overview and Level Annotations

Branches:
Dungeon (2/15)

Altars:

Shops:
D:2 ?


Innate Abilities, Weirdness & Mutations

You have extremely sharp teeth.
When hurt, damage is shared between your health and your magic reserves.
Your bite disrupts and absorbs the magic of your enemies.
Potions cannot restore your health.


Message History

The adder closely misses you. The adder misses you.
You hit the adder but do no damage. Your bite misses the adder.
The adder is lightly wounded.
The adder bites you.
You are poisoned.
The adder poisons you!
You closely miss the adder.
The adder is lightly wounded.
You feel sick. The adder barely misses you.
You miss the adder. Your bite misses the adder.
The adder is lightly wounded.
You feel sick. The adder bites you.
You are more poisoned.
The adder poisons you!
You hit the adder. Your bite misses the adder.
The adder is lightly wounded.
You feel sick. The adder completely misses you. The adder misses you.
You are too injured to fight recklessly!
You are too injured to fight recklessly!
You are too injured to fight recklessly!
You are too injured to fight recklessly!
You are too injured to fight recklessly!
Casting: Foxfire (safe; 8% risk of failure)
Press: ? - help, Q - select action Dir - look around, f - activate You conjure some foxfire!
You feel sick. The adder misses you.
You feel sick.
The foxfire hits the adder.
The adder is heavily wounded.
The foxfire hits the adder.
The adder is heavily wounded.
The adder bites you.
Casting: Foxfire (safe; 8% risk of failure)
Press: ? - help, Q - select action Dir - look around, f - activate You conjure some foxfire!
* * * LOW HITPOINT WARNING * * *
You feel sick. The adder bites you.
* * * LOW HITPOINT WARNING * * *
You are more poisoned.
The adder poisons you! The adder bites you but does no damage.
You die...

...#........####.###
#.#..........###.#.####.
..................#....#
#.##.........#.....##.#.
#....$......##.....##.#
#####.............###<#
#....?..###.......#
#..$..........#####
#.v@....#######
#.vS....# #.......#
####.#### .# .. .# .#


You could see an adder (ally target).

Vanquished Creatures
  2 dart slugs (D:1)
  3 endoplasms (D:1)
  3 giant cockroaches (D:1)
  2 goblins (D:1)
  2 hobgoblins (D:1)
  3 jackals (D:1)
  A frilled lizard (D:1)
  3 kobolds (D:1)
  3 rats (D:1)
22 creatures vanquished.

Vanquished Creatures (others)
  25 foxfires
25 creatures vanquished.

Grand Total: 47 creatures vanquished

Notes
Turn   | Place    | Note
-------+----------+-------------------------------------------
     0 | D:1      | robertstho the Vine Stalker Fire Elementalist began the
                  | quest for the Orb.
     0 | D:1      | Reached XP level 1. HP: 9/9 MP: 4/4
   210 | D:1      | Reached XP level 2. HP: 13/13 MP: 1/6
  1031 | D:1      | Reached XP level 3. HP: 13/16 MP: 7/7
  1221 | D:1      | Found a faded altar of an unknown god.
  1615 | D:2      | Found Finej's Magic Scroll Shoppe.
  1635 | D:2      | Succumbed to an adder's poison

Illustrated notes

Levels and vault maps discovered:
D:1:      dpeg_arrival_tiny_b, layout_basic, ebering_ecumenical_altar_ruins,
          minivault_11
D:2:      layout_loops_cross, serial_shops, shop_statue,
          kennysheep_generic_room_13, uniq_crazy_yiuf_cottage, uniq_sigmund

Action                   || total
-------------------------++-------
Melee: Unarmed           ||    89
       Bite              ||    25
 Cast: Foxfire           ||    17
  Use: Potion            ||     1
 Stab: Sleeping          ||     2
Armor: Robe              ||     9
Dodge: Dodged            ||    69

Table legend: (Time is in decaauts)
 A = Elapsed time spent in this place.
 B = Non-inter-level travel time spent in this place.
 C = Inter-level travel time spent in this place.
 D = Time resting spent in this place.
 E = Time spent auto-exploring this place.
 F = Levels seen in this place.
 G = Mean time per level.
                   A        B        C        D        E       F      G
               +--------+--------+--------+--------+--------+-----+--------+
         Total |   1634 |   1589 |     45 |      0 |   1390 |   2 |  817.0 |
       Dungeon |   1634 |   1589 |     45 |      0 |   1390 |   2 |  817.0 |
               +--------+--------+--------+--------+--------+-----+--------+

Top non-repeatable levels by time:
     D:1: 1591 daAuts
     D:2: 42 daAuts
